 Dungeon Crawl Stone Soup version 0.21-a0-314-gb3271ec (webtiles) character file.

387 Hasart the Slasher (level 6, -8/50 HPs)
             Began as a Mummy Fighter on Sept 29, 2017.
             Blown up by Ijyb (17 damage)
             ... with a wand of disintegration (?/24)
             ... on level 5 of the Dungeon.
             The game lasted 00:05:08 (3707 turns).

Hasart the Slasher (Mummy Fighter)                  Turns: 3707, Time: 00:05:09

Health: -8/50      AC:  6    Str: 20    XL:     6   Next: 49%
Magic:  0/6        EV:  7    Int:  9    God:
Gold:   198        SH:  9    Dex: 11    Spells: 5/5 levels left

rFire    x . .     SeeInvis .   a - +0 long sword
rCold    + . .     Gourm    .   c - +1 shield
rNeg     + + +     Faith    .   b - +0 scale mail
rPois    ∞         Spirit   +   (no helmet)
rElec    .         Reflect  .   (no cloak)
rCorr    .         Harm     .   (no gloves)
MR       .....                  (no boots)
Stlth    ..........             j - amulet of guardian spirit
HPRegen  0.16/turn              (no ring)
MPRegen  0.10/turn              (no ring)

@: no status effects
A: no food or potions, fire vulnerability, cold resistance 1, negative energy
resistance 3, torment resistance, unbreathing
a: no special abilities


You were on level 5 of the Dungeon.
You were not hungry.

You visited 1 branch of the dungeon, and saw 5 of its levels.

You collected 198 gold pieces.

Inventory:

Hand Weapons
 a - a +0 long sword (weapon)
Armour
 b - a +0 scale mail (worn)
 c - a +1 shield (worn)
Jewellery
 j - an amulet of guardian spirit (around neck)
Wands
 l - a wand of random effects (0/48)
Scrolls
 d - 2 scrolls of remove curse {unknown}
 e - 2 scrolls of identify {unknown}
 f - 2 scrolls of enchant armour
 g - a scroll of immolation {unknown}
 h - a scroll of fog {unknown}
 i - a scroll of random uselessness {unknown}
 k - a scroll of teleportation {unknown}


   Skills:
 + Level 4.8 Fighting
 * Level 4.8 Long Blades
 - Level 2.4 Armour
 - Level 2.4 Shields


You had 5 spell levels left.
You didn't know any spells.

Dungeon Overview and Level Annotations

Branches:
Dungeon (5/15)
 Temple: D:4-7

Altars:
Fedhas

Annotations:
D:4 Sigmund; Totori's ghost, novice GnWn
D:5 Ijyb


Innate Abilities, Weirdness & Mutations

You do not eat or drink.
Your flesh is vulnerable to fire.
You are immune to poison.
Your flesh is cold resistant. (rC+)
You are immune to negative energy. (rN+++)
You are immune to unholy pain and torment.
You can survive without breathing.


Message History

You hit Ijyb.
Ijyb is lightly wounded.
Ijyb hits you but does no damage.
Ijyb zaps a wand.
You are blasted!
You closely miss Ijyb.
Ijyb is lightly wounded.
Ijyb zaps a wand.
You struggle to resist.
You hit Ijyb.
Ijyb is moderately wounded.
Ijyb hits you but does no damage.
You closely miss Ijyb.
Ijyb is moderately wounded.
Ijyb zaps a wand.
You are blasted!
* * * LOW HITPOINT WARNING * * *
Unknown command.
Evoke which item? (* to show all) (? for menu, Esc to quit)
Aiming: Random Effects (will waste charges)
Press: ? - help, Shift-Dir - straight line, f - Ijyb
Aim: Ijyb, wearing a runed leather armour and carrying a wand of disintegration (?/24) {zapped: 6} (moderately wounded) Nothing appears to happen.
Ijyb zaps a wand.
You are blasted!
You die...

##...'.............
#<...#.............
###'##.............
#......>...##'#####
#..........#......#
###+##..........#......#
.................#......#
.....?...........#......#
........@........#......#
.........g..######......#
............# #......#
............# #......#
............+ #.<..).#
...........# ########
+#######.... .....


You could see Ijyb.

Vanquished Creatures
  An ogre (D:4)
  A scorpion (D:5)
  2 orc priests (D:4)
  An orc wizard (D:4)
  Natasha (D:3)
  A worker ant (D:3)
  6 adders
  An ooze (D:1)
  A worm (D:2)
  4 dart slugs
  4 leopard geckos
  An orc (D:4)
  2 giant cockroaches
  5 goblins
  4 hobgoblins
  5 jackals
  3 quokkas (D:2)
  2 bats
  3 frilled lizards
  5 kobolds
  5 rats
58 creatures vanquished.

Notes
Turn   | Place    | Note
-------+----------+-------------------------------------------
     0 | D:1      | Hasart the Mummy Fighter began the quest for the Orb.
     0 | D:1      | Reached XP level 1. HP: 18/18 MP: 1/1
   179 | D:1      | Reached XP level 2. HP: 22/24 MP: 2/2
   700 | D:1      | Reached XP level 3. HP: 25/29 MP: 3/3
  1063 | D:2      | Reached XP level 4. HP: 23/36 MP: 4/4
  1431 | D:2      | Found a faded altar of an unknown god.
  2224 | D:3      | Found a blossoming altar of Fedhas.
  2307 | D:4      | Noticed Natasha
  2331 | D:3      | Killed Natasha
  2422 | D:4      | Reached XP level 5. HP: 38/42 MP: 5/5
  2717 | D:4      | Noticed an ogre
  3190 | D:4      | Noticed Sigmund
  3226 | D:4      | Killed an ogre
  3226 | D:4      | Reached XP level 6. HP: 49/49 MP: 6/6
  3450 | D:4      | Noticed Totori's ghost (novice GnWn)
  3478 | D:5      | Entered Level 5 of the Dungeon
  3692 | D:5      | Noticed Ijyb
  3707 | D:5      | Blown up by Ijyb

Vault maps used:
D:1:      lightli_arrival_boilingwater, minmay_misc_feat_x
D:2:      chequers_ecumenical_altar_grove
D:3:      kennysheep_big_flooded_room, fedhas_altar_1, first_bread
D:4:      uniq_natasha, uniq_sigmund
D:5:      minmay_temple_entry_junction_2, basic_altar, serial_shops,
          nicolae_shop_trees, uniq_ijyb

Skill      XL: |  1  2  3  4  5 |
---------------+----------------+-----
Long Blades    | 2 3 4 |  4.8
Fighting       | 4 |  4.8
Armour         | |  2.4
Shields        | |  2.4

Action                   |  1- 3 |  4- 6 || total
-------------------------+-------+-------++-------
Melee: Long sword        |    97 |   167 ||   264
Evoke: Wand              |       |     2 ||     2
  Use: Scroll            |       |     1 ||     1
Armor: Scale mail        |    51 |    57 ||   108
Dodge: Dodged            |    31 |    56 ||    87
Block: Shield            |    50 |    75 ||   125
       Rpst.: Long sword |    11 |    16 ||    27

Table legend:
 A = Spawn XP
 B = Non-spawn XP
 C = Spawn XP percentage of total XP
 D = Spawn monster count
 E = Non-spawn monster count
 F = Spawn count percentage of total count
 G = Total turns spent on level
                    A         B        C        D         E        F      G
               +---------+---------+-------+---------+---------+-------+---------
         Total |       0 |     553 |   0.0 |       0 |      58 |   0.0 |  3707
               +---------+---------+-------+---------+---------+-------+---------
           D:1 |       0 |      42 |   0.0 |       0 |      19 |   0.0 |   941
           D:2 |       0 |      96 |   0.0 |       0 |      19 |   0.0 |   944
           D:3 |       0 |      83 |   0.0 |       0 |       9 |   0.0 |   599
           D:4 |       0 |     265 |   0.0 |       0 |      10 |   0.0 |   994
           D:5 |       0 |      67 |   0.0 |       0 |       1 |   0.0 |   229
               +---------+---------+-------+---------+---------+-------+---------
